 Dungeon Crawl Stone Soup version 0.30-a0-12-gd8047c6341 (webtiles) character file.

Game seed: 10802398127205973110

240 nickcage the Carver (level 5, -2/42 HPs)
             Began as a Minotaur Gladiator on Aug 23, 2022.
             Slain by an ogre
             ... wielding a +0 giant spiked club
              (12 damage)
             ... on level 4 of the Dungeon.
             The game lasted 00:05:28 (2680 turns).

nickcage the Carver (Minotaur Gladiator)            Turns: 2680, Time: 00:05:28

Health: -2/42      AC:  9    Str: 21    XL:     5   Next: 80%
Magic:  4/4        EV:  8    Int:  5    God:
Gold:   176        SH:  0    Dex: 11    Spells: 4/4 levels left

rFire   . . .      SeeInvis .    a - +0 long sword
rCold   . . .      Faith    .    (no shield)
rNeg    . . .      Spirit   .    m - +0 chain mail
rPois   .          Reflect  .    c - +0 hat
rElec   .          Harm     .    (no cloak)
rCorr   .          Rampage  .    (no gloves)
Will    .....                    s - +0 pair of boots
Stlth   ..........               (no amulet)
HPRegen 0.14/turn                (no ring)
MPRegen 0.09/turn                (no ring)

@: no status effects
A: horns 2, retaliatory headbutt
a: no special abilities


You were on level 4 of the Dungeon.
You visited 1 branch of the dungeon, and saw 4 of its levels.

You collected 176 gold pieces.

Inventory:

Hand Weapons
 a - a +0 long sword (weapon)
Missiles
 d - 3 throwing nets
 e - a javelin
 p - 8 poisoned darts (quivered)
Armour
 b - a +0 leather armour
 c - a +0 hat (worn)
 l - a +0 ring mail
 m - a +0 chain mail (worn)
 s - a +0 pair of boots (worn)
Jewellery
 q - a ring of willpower
 r - a ring of positive energy
Scrolls
 h - 2 scrolls of fear {unknown}
 i - a scroll of poison {unknown}
 j - 2 scrolls of enchant armour {unknown}
 k - 4 scrolls of teleportation {unknown}
 n - 2 scrolls of amnesia {unknown}
 u - a scroll of fog {unknown}
 v - a scroll of identify {unknown}
 y - a scroll of vulnerability {unknown}
 A - a scroll of magic mapping {unknown}
Potions
 f - a potion of mutation {unknown}
 g - a potion of heal wounds {unknown}
 o - 3 potions of curing {unknown}
 t - a potion of magic {unknown}
 w - a potion of haste {unknown}
 x - 2 potions of attraction {unknown}
 z - 2 potions of lignification {unknown}
 B - a potion of degeneration {unknown}


   Skills:
 - Level 2.4 Fighting
 + Level 8.0 Long Blades
 - Level 2.0 Throwing
 - Level 3.2 Dodging


You had 4 spell levels left.
You didn't know any spells.
Your spell library contained the following spells:

 Spells                   Type           Power      Damage    Failure   Level
 Static Discharge         Conj/Air       0%         3-3/arc   100%        2
 Lightning Bolt           Conj/Air       0%         1d11      100%        5
 Maxwell's Capacitive Co  Air            0%         ∞         100%        8


Dungeon Overview and Level Annotations

Branches:
Dungeon (4/15)
 Temple: D:4-7

Altars:
Dithmenos
Ru
Sif Muna
Trog
Xom

Shops:
D:3 !


Innate Abilities, Weirdness & Mutations

You have a pair of horns on your head.
You reflexively headbutt those who attack you in melee.


Message History

You hit the adder.
The adder is heavily wounded.
The adder bites you but does no damage.
You slash the adder!
You kill the adder!
No target in view!
You open the door.
There is an open door here.
You open the door.
An endoplasm, an adder, an orc, an ogre and a hound come into view.
The endoplasm quivers.
The adder hisses angrily.
The ogre shouts!
An endoplasm comes into view.
The endoplasm quivers.
The hound attacks as you move away! The hound bites you but does no damage.
The hound bites you.
There is an open door here.
The hound attacks as you move away! The hound barely misses you.
The hound bites you but does no damage.
You completely miss the hound. You headbutt the hound!
The hound is severely wounded.
The hound bites you but does no damage.
You hit the hound.
The hound is severely wounded.
The hound bites you. The hound bites you but does no damage.
You hit the hound. You headbutt the hound.
You kill the hound!
Your Long Blades skill increases to level 8!
You throw a poisoned dart.
The poisoned dart closely misses the ogre.
The poisoned dart hits the orc.
The ogre hits you with a +0 giant spiked club.
You barely miss the ogre. You barely miss the ogre.
The ogre hits you with a +0 giant spiked club!!
Ouch! That really hurt!
* * * LOW HITPOINT WARNING * * *
The ogre attacks as you move away!
The ogre hits you with a +0 giant spiked club!
You die...

.# #.J #......#...... .#
.. #.......#..... S#.
#....(..#.....
##+##J##+##.......###...
#....o....#.#...........
#.8.O8..8.#.########....
#.........#.# #....
.######S#####.# #....
.......oO@....# ##...
############### #...
#### . . . .


You could see an ogre, an adder and an orc.

Vanquished Creatures
  A kobold brigand (D:4)
  A hound (D:4)
  2 orc wizards (D:3)
  5 adders
  An ufetubus (D:3)
  An orc (D:3)
  2 ball pythons (D:3)
  3 bats
  5 endoplasms
  7 giant cockroaches
  5 goblins
  6 hobgoblins
  2 quokkas
  4 frilled lizards
  4 kobolds
  6 rats
55 creatures vanquished.

Notes
Turn   | Place    | Note
-------+----------+-------------------------------------------
     0 | D:1      | nickcage the Minotaur Gladiator began the quest for the
                  | Orb.
     0 | D:1      | Reached XP level 1. HP: 18/18 MP: 0/0
    85 | D:1      | Reached skill level 4 in Long Blades
   125 | D:1      | Reached XP level 2. HP: 25/25 MP: 1/1
   400 | D:1      | Reached skill level 5 in Long Blades
   677 | D:2      | Reached XP level 3. HP: 30/30 MP: 2/2
  1102 | D:2      | Found a shadowy altar of Dithmenos.
  1246 | D:2      | Found a faded altar of an unknown god.
  1655 | D:3      | Found Eckol's Distillery.
  1692 | D:3      | Reached skill level 6 in Long Blades
  1692 | D:3      | Reached XP level 4. HP: 36/37 MP: 3/3
  1724 | D:3      | Identified the +5 whip of Bread {vorpal, rElec rF+ Dex+3}
  1770 | D:3      | Found a shimmering altar of Xom.
  1773 | D:3      | Found a sacrificial altar of Ru.
  1909 | D:3      | Found a bloodstained altar of Trog.
  2177 | D:3      | Found a shimmering blue altar of Sif Muna.
  2198 | D:3      | Reached XP level 5. HP: 33/42 MP: 4/4
  2364 | D:4      | Reached skill level 7 in Long Blades
  2668 | D:4      | Noticed an ogre
  2677 | D:4      | Reached skill level 8 in Long Blades
  2680 | D:4      | Slain by an ogre

Illustrated notes

Levels and vault maps discovered:
D:1:      amcnicky_arrival_abandoned_market, layout_basic,
          kennysheep_small_spiral
D:2:      layout_loops_corners, hellmonk_ecumenical_altar_pennies_from_heaven,
          basic_altar
D:3:      layout_rooms, kennysheep_orc_sif_temple,
          gammafunk_temple_overflow_forgotten, serial_shops,
          nicolae_diamond_shop, minmay_misc_feat_chi, minivault_25,
          saegor_snake_ambush
D:4:      minmay_chambers_of_threes, layout_basic, lemuel_temple_firewalk_b

Skill      XL: |  1  2  3  4  5 |
---------------+----------------+-----
Long Blades    | 4 5 6 8 |  8.0
Fighting       | |  2.4
Throwing       | |  2.0
Dodging        | |  3.2

Action                   |  1- 3 |  4- 6 || total
-------------------------+-------+-------++-------
Melee: Long sword        |    81 |    52 ||   133
       Headbutt          |     9 |     7 ||    16
       Punch             |     1 |       ||     1
Throw: Dart              |     1 |     1 ||     2
Armor: Chain mail        |    40 |    38 ||    78
       Ring mail         |     2 |       ||     2
Dodge: Dodged            |    39 |    16 ||    55

Table legend: (Time is in decaauts)
 A = Elapsed time spent in this place.
 B = Non-inter-level travel time spent in this place.
 C = Inter-level travel time spent in this place.
 D = Time resting spent in this place.
 E = Time spent auto-exploring this place.
 F = Levels seen in this place.
 G = Mean time per level.
                   A        B        C        D        E       F      G
               +--------+--------+--------+--------+--------+-----+--------+
         Total |   2726 |   2651 |     75 |    250 |   1994 |   4 |  681.5 |
       Dungeon |   2726 |   2651 |     75 |    250 |   1994 |   4 |  681.5 |
               +--------+--------+--------+--------+--------+-----+--------+

Top non-repeatable levels by time:
     D:2: 931 daAuts
     D:3: 745 daAuts
     D:1: 665 daAuts
     D:4: 384 daAuts
